 Dungeon Crawl Stone Soup version 0.28.0-53-g5a82cb258f (webtiles) character file.

Game seed: 16784329273639419817

2432 Stomo the Cudgeller (level 9, -13/47 HPs)
             Began as a Vine Stalker Fighter on June 19, 2022.
             Was an Initiate of Makhleb.
             Mangled by a boulder beetle (28 damage)
             ... on level 6 of the Dungeon.
             The game lasted 00:11:35 (6293 turns).

Stomo the Cudgeller (Vine Stalker Fighter)          Turns: 6293, Time: 00:11:36

Health: -13/47     AC: 13    Str: 24    XL:     9   Next: 48%
Magic:  0/22       EV: 10    Int:  8    God:    Makhleb [......]
Gold:   419        SH:  0    Dex: 13    Spells: 8/8 levels left

rFire   . . .      SeeInvis +   q - +2 whip (holy)
rCold   + . .      Faith    .   (no shield)
rNeg    . . .      Spirit   +   x - +0 chain mail {rC+}
rPois   .          Reflect  .   (no helmet)
rElec   .          Harm     .   (no cloak)
rCorr   .          Rampage  .   (no gloves)
Will    +....      Rage     1%  g - +0 pair of boots
Stlth   ..........              (no amulet)
HPRegen 0.95/turn               y - ring of magical power
MPRegen 0.18/turn               D - ring of see invisible

@: no status effects
A: fangs 3, regeneration 1, magic shield, antimagic bite, no potion heal 2,
iridescent scales 1, berserk 1
a: Renounce Religion


You were on level 6 of the Dungeon.
You worshipped Makhleb.
Makhleb was noncommittal.
You visited 2 branches of the dungeon, and saw 7 of its levels.

You collected 419 gold pieces.

Inventory:

Hand Weapons
 a - a +0 flail
 q - a +2 whip of holy wrath (weapon)
Missiles
 p - 2 throwing nets (quivered)
Armour
 b - a +0 scale mail
 c - a +0 buckler
 g - a +0 pair of boots (worn)
 x - a +0 chain mail of cold resistance (worn)
 A - a +0 ring mail of cold resistance
Jewellery
 n - a ring of fire
 y - a ring of magical power (left hand)
 B - an amulet of faith
 D - a ring of see invisible (right hand)
Wands
 o - a wand of flame (17)
 s - a wand of iceblast (3)
 C - a wand of acid (7)
Scrolls
 e - 3 scrolls of identify {unknown}
 f - a scroll of noise {unknown}
 h - 3 scrolls of teleportation
 k - 2 scrolls of amnesia {unknown}
 l - 2 scrolls of enchant weapon {unknown}
 r - 2 scrolls of immolation {unknown}
 w - a scroll of magic mapping {unknown}
 z - a scroll of vulnerability {unknown}
 E - a scroll of fog {unknown}
Potions
 d - a potion of flight
 i - a potion of heal wounds {unknown}
 j - 3 potions of curing
 m - a potion of degeneration {unknown}
 t - a potion of invisibility {unknown}
 u - a potion of magic {unknown}
 v - a potion of berserk rage {unknown}


   Skills:
 + Level 5.5 Fighting
 + Level 5.8 Maces & Flails
 + Level 5.5 Armour
 + Level 4.5 Dodging
 - Level 0.5 Stealth
 - Level 2.6 Shields
 + Level 4.3 Invocations


You had 8 spell levels left.
You didn't know any spells.
Your spell library contained the following spells:

 Spells                   Type           Power      Damage    Failure   Level
 Magic Dart               Conj           0%         1d3       96%         1
 Call Imp                 Summ           0%         N/A       99%         2
 Mephitic Cloud           Conj/Pois/Air  0%         N/A       100%        3
 Tukima's Dance           Hex            0%         N/A       100%        3
 Anguish                  Hex/Necr       0%         N/A       100%        4
 Enfeeble                 Hex            0%         N/A       100%        7


Dungeon Overview and Level Annotations

Branches:
Dungeon (6/15)             Temple (1/1) D:4

Altars:
Cheibriados
Dithmenos
Elyvilon
Fedhas
Gozag
Hepliaklqana
Makhleb
Nemelex Xobeh
Qazlal
Ru
Trog
Uskayaw
Vehumet
Wu Jian
Zin

Shops:
D:5 [


Innate Abilities, Weirdness & Mutations

You have razor-sharp teeth.
Your natural rate of healing is unusually fast.
When hurt, damage is shared between your health and your magic reserves.
Your bite disrupts and absorbs the magic of your enemies.
Potions cannot restore your health.
You are partially covered in iridescent scales. (AC +2)
You tend to lose your temper in combat.


Message History

The boulder beetle is lightly wounded.
The boulder beetle leaps!
The boulder beetle closely misses you.
You whack the boulder beetle!
The boulder beetle is lightly wounded.
The boulder beetle leaps!
The boulder beetle curls into a ball and begins rolling!
The boulder beetle hits you!!
The boulder beetle stops rolling and uncurls.
You hit the boulder beetle but do no damage.
The boulder beetle is lightly wounded.
You hit the boulder beetle but do no damage.
You bite the boulder beetle, but do no damage.
The boulder beetle is lightly wounded.
The boulder beetle closely misses you.
You hit the boulder beetle.
You bite the boulder beetle, but do no damage.
The boulder beetle is lightly wounded.
The boulder beetle barely misses you.
You hit the boulder beetle but do no damage.
The boulder beetle is lightly wounded.
The boulder beetle bites you but does no damage.
You hit the boulder beetle but do no damage.
The boulder beetle is lightly wounded.
The boulder beetle bites you!
You barely miss the boulder beetle. You bite the boulder beetle.
You drain its power.
You feel invigorated.
The boulder beetle is lightly wounded.
You hit the boulder beetle but do no damage.
The boulder beetle is lightly wounded.
The boulder beetle closely misses you.
You hit the boulder beetle. You bite the boulder beetle. You drain its power.
You feel invigorated.
The boulder beetle is lightly wounded.
The boulder beetle bites you!!
* * * LOW HITPOINT WARNING * * *
The boulder beetle curls into a ball and begins rolling!
The boulder beetle hits you!!
Ouch! That really hurt!
You die...

#..#..#....#####.#.######.#.#####
....#.....## #.#.##........#
.........## #.#.##........#
########## #.#.##........#
#°#.##........#
#○#.##........####
#○#.####.#.......# #B#.#
#.#######.# #@#.# #.# #.# #.#.#
#.# #.# #.#.####.# #)#
#.#>.....#######.#
##############.#####........#.#
#.........B.....# #..........#
#...............# #......<÷###
#...............# #........#
#...............# #..###.###


You could see a boulder beetle (rolling).

Vanquished Creatures
  A two-headed ogre (D:6)
  Prince Ribbit (D:6)
  Grinder (D:6)
  Sigmund (D:2)
  A wraith (D:6)
  Eustachio (D:4)
  A water moccasin (D:6)
  2 ogres
  A centaur (D:6)
  A phantom (D:6)
  Blork the orc (D:5)
  2 scorpions (D:6)
  A centaur zombie (D:5)
  2 orc priests (D:6)
  2 iguanas
  Ijyb (D:4)
  Natasha (thrice) (D:2)
  5 adders
  A white imp (D:6)
  2 worms (D:2)
  A dart slug (D:1)
  9 orcs
  7 ball pythons
  6 bats
  7 endoplasms
  A giant cockroach (D:1)
  6 goblins
  6 hobgoblins
  5 quokkas
  4 frilled lizards
  8 kobolds
  6 rats
97 creatures vanquished.

Vanquished Creatures (others)
  A ball python (D:4)
1 creature vanquished.

Grand Total: 98 creatures vanquished

Notes
Turn   | Place    | Note
-------+----------+-------------------------------------------
     0 | D:1      | Stomo the Vine Stalker Fighter began the quest for the Orb.
     0 | D:1      | Reached XP level 1. HP: 11/11 MP: 2/2
   404 | D:1      | Reached XP level 2. HP: 16/16 MP: 3/3
  1190 | D:2      | Reached skill level 1 in Dodging
  1204 | D:2      | Noticed Natasha
  1217 | D:2      | Reached XP level 3. HP: 11/19 MP: 2/4
  1223 | D:2      | Killed Natasha
  1476 | D:2      | Noticed Natasha
  1486 | D:2      | Killed Natasha
  1487 | D:2      | Gained mutation: Your natural rate of healing is unusually
                  | fast. [Vine Stalker growth]
  1487 | D:2      | Reached XP level 4. HP: 4/24 MP: 1/5
  1649 | D:2      | Noticed Sigmund
  2108 | D:2      | Gained mutation: You tend to lose your temper in combat.
                  | [potion of mutation]
  2108 | D:2      | Gained mutation: You are partially covered in iridescent
                  | scales. (AC +2) [potion of mutation]
  2160 | D:2      | Killed Sigmund
  2161 | D:2      | Reached XP level 5. HP: 28/28 MP: 6/6
  2161 | D:2      | Reached XP level 6. HP: 32/32 MP: 7/7
  2184 | D:2      | Noticed Natasha
  2193 | D:2      | Killed Natasha
  2414 | D:3      | You fall into a shaft and drop 2 floors!
  2414 | D:5      | Entered Level 5 of the Dungeon
  2671 | D:4      | Found a blossoming altar of Fedhas.
  2698 | D:4      | Noticed Ijyb
  2733 | D:4      | Killed Ijyb
  3170 | D:3      | Reached XP level 7. HP: 36/36 MP: 8/8
  3263 | D:3      | Found a faded altar of an unknown god.
  3703 | D:4      | Found a bloodstained altar of Trog.
  3783 | D:4      | Found a staircase to the Ecumenical Temple.
  3841 | Temple   | Entered the Ecumenical Temple
  3893 | Temple   | Became a worshipper of Makhleb the Destroyer
  4095 | D:4      | Noticed Eustachio
  4146 | D:4      | Killed Eustachio
  4147 | D:4      | Reached skill level 1 in Invocations
  4176 | D:4      | Found a hazy altar of Hepliaklqana.
  4574 | D:5      | Found Vauthruviz's Armour Boutique.
  4602 | D:5      | Found a sparkling altar of Nemelex Xobeh.
  4602 | D:5      | Noticed Blork the orc
  4609 | D:5      | Killed Blork the orc
  5025 | D:6      | Noticed Prince Ribbit
  5058 | D:6      | Killed Prince Ribbit
  5059 | D:6      | Gained mutation: You have razor-sharp teeth. [Vine Stalker
                  | growth]
  5059 | D:6      | Reached XP level 8. HP: 21/42 MP: 8/10
  5086 | D:6      | Found a sacrificial altar of Ru.
  5203 | D:6      | Noticed Grinder
  5214 | D:6      | Killed Grinder
  5350 | D:6      | Reached skill level 5 in Maces & Flails
  5546 | D:6      | Reached skill level 5 in Armour
  5631 | D:6      | Noticed a two-headed ogre
  5634 | D:6      | Noticed a wraith
  5690 | D:6      | Reached skill level 5 in Fighting
  5724 | D:6      | Reached XP level 9. HP: 47/47 MP: 12/12
  5840 | D:6      | Noticed a boulder beetle
  5989 | D:6      | Killed a two-headed ogre
  6293 | D:6      | Mangled by a boulder beetle

Illustrated notes

Levels and vault maps discovered:
D:1:      dpeg_arrival_ternary, layout_loops_corners, minmay_misc_feat_roman
D:2:      layout_basic, uniq_natasha, uniq_sigmund
D:3:      minmay_general_purpose_star, layout_loops_cross,
          shapermc_ecumenical_altar_notcrosses, grunt_ministairs_13,
          kennysheep_pointless_box, nicolae_concentric_dashed_squares_wild
D:4:      layout_cave_pods, mainiacjoe_overflow_catwalk, amcnicky_altar_gilded,
          kennysheep_mini, minmay_temple_entry_large_hall, uniq_eustachio,
          uniq_ijyb
D:5:      layout_gridville, overflow_temple_1_default, serial_shops,
          nicolae_diamond_shop, uniq_blork_the_orc
D:6:      layout_basic, nicolae_ru_the_path_less_chosen, kb_rosetta,
          uniq_prince_ribbit1, uniq_grinder
Temple:   eino_wide_crystal_templ

Skill      XL: |  1  2  3  4  5  6  7  8  9 |
---------------+----------------------------+-----
Dodging        | 1 2 3 4 |  4.5
Maces & Flails | 2 3 4 5 |  5.8
Fighting       | 3 4 5 |  5.5
Armour         | 3 4 5 |  5.5
Invocations    | 2 3 4 |  4.3
Stealth        | |  0.5
Shields        | |  2.6

Action                   |  1- 3 |  4- 6 |  7- 9 || total
-------------------------+-------+-------+-------++-------
Melee: Flail             |    73 |    89 |       ||   162
       Bite              |    11 |    36 |    65 ||   112
       Whip              |       |    56 |   222 ||   278
       Punch             |       |     1 |     3 ||     4
  Use: Potion            |     1 |     2 |       ||     3
       Scroll            |       |     1 |       ||     1
Armor: Scale mail        |    39 |    60 |     3 ||   102
       Chain mail        |       |       |    94 ||    94
Dodge: Dodged            |    51 |    71 |    76 ||   198
Block: Buckler           |     5 |       |       ||     5
